[ AOE2 MATCH · #489514902 ]
UnrankedIncas vs Portuguese
Player's team · WIN
[ REPLAY ANALYSIS · EXTRACTED FROM THE RECORDED GAME ]
Feudal
9:27
Castle
22:52
Imperial
—
| APM avg | 68.4 |
| APM peak | 92 |
| eAPM avg | 30.5 |
| Villagers / military | 58 / 23 |
Focus
⚔️ 20.6% · 🌾 79.4%
Unknown (2550) ×30 · Skirmisher ×10 · Archer ×4 · Petard ×3 · Mangonel ×2 · Spearman ×2
Feudal
9:12
Castle
24:51
Imperial
—
| APM avg | 49.8 |
| APM peak | 91 |
| eAPM avg | 24.7 |
| Villagers / military | 66 / 26 |
Focus
⚔️ 33.8% · 🌾 66.2%
Militia ×18 · Organ Gun ×3 · Skirmisher ×3 · Archer ×2
Match map
Initial resources + every placement click. Lines = walls · curves = elevation contours. ◆ gold · ⬟ stone · ● berries · ✦ relic · ◌ wall gap
Your base· Open — unwalled flank
old f1sh's base· Open — unwalled flank
Smoothed initial terrain · ◌ = detected wall gap · hover for details
Inputs per minute
— vitroti - - old f1sh
Build order — vitroti
First 150 of 179 actions detected
| 0:01 | Create | Villager (Male) |
| 0:01 | Create | Villager (Male) |
| 0:02 | Build | House |
| 0:04 | Build | House |
| 0:07 | Create | Villager (Male) |
| 0:07 | Create | Villager (Male) |
| 1:24 | Create | Villager (Male) |
| 2:09 | Create | Villager (Male) |
| 2:10 | Create | Villager (Male) |
| 2:39 | Create | Villager (Male) |
| 2:39 | Create | Villager (Male) |
| 2:56 | Build | Settlement |
| 3:07 | Create | Villager (Male) |
| 3:08 | Create | Villager (Male) |
| 3:08 | Create | Villager (Male) |
| 3:08 | Create | Villager (Male) |
| 4:09 | Create | Villager (Male) |
| 4:10 | Create | Villager (Male) |
| 4:10 | Create | Villager (Male) |
| 4:23 | Create | Villager (Male) |
| 5:05 | Create | Villager (Male) |
| 5:05 | Create | Villager (Male) |
| 5:06 | Create | Villager (Male) |
| 6:23 | Create | Villager (Male) |
| 6:39 | Build | Barracks |
| 6:48 | Research | Loom |
| 7:02 | Research | Feudal Age |
| 7:50 | Create | Unit 2550 |
| 7:50 | Create | Unit 2550 |
| 7:50 | Create | Unit 2550 |
| 8:22 | Build | Settlement |
| 8:25 | Create | Unit 2550 |
| 9:22 | Create | Villager (Male) |
| 9:23 | Create | Villager (Male) |
| 9:27 | Age | Feudal Age |
| 9:33 | Build | Archery Range |
| 9:36 | Research | Tech 1402 |
| 9:36 | Research | Tech 1402 |
| 10:06 | Create | Spearman |
| 10:12 | Build | House |
| 10:14 | Build | Palisade Wall |
| 10:15 | Build | Palisade Wall |
| 10:17 | Create | Villager (Male) |
| 10:27 | Create | Skirmisher |
| 10:27 | Create | Skirmisher |
| 10:42 | Create | Villager (Male) |
| 10:44 | Build | Farm |
| 10:45 | Build | Farm |
| 10:59 | Create | Archer |
| 10:59 | Create | Archer |
| 11:09 | Create | Spearman |
| 11:16 | Build | Farm |
| 11:35 | Create | Unit 2550 |
| 11:44 | Build | Blacksmith |
| 11:46 | Build | House |
| 11:51 | Create | Villager (Male) |
| 12:07 | Create | Villager (Male) |
| 12:28 | Create | Unit 2550 |
| 12:29 | Create | Villager (Male) |
| 12:32 | Build | Farm |
| 12:54 | Research | Fletching |
| 12:54 | Research | Fletching |
| 12:54 | Create | Villager (Male) |
| 12:55 | Create | Villager (Male) |
| 12:58 | Build | Farm |
| 13:01 | Build | Farm |
| 13:47 | Create | Villager (Male) |
| 13:49 | Create | Unit 2550 |
| 13:49 | Create | Unit 2550 |
| 13:50 | Create | Villager (Male) |
| 13:52 | Create | Archer |
| 13:52 | Create | Skirmisher |
| 14:13 | Create | Villager (Male) |
| 14:16 | Build | Farm |
| 14:19 | Create | Villager (Male) |
| 14:21 | Build | Farm |
| 14:22 | Build | Farm |
| 14:39 | Create | Archer |
| 14:44 | Create | Villager (Male) |
| 14:49 | Create | Villager (Male) |
| 14:56 | Create | Skirmisher |
| 15:05 | Build | Farm |
| 15:07 | Build | Farm |
| 15:10 | Research | Double-Bit Axe |
| 15:11 | Research | Double-Bit Axe |
| 15:27 | Create | Skirmisher |
| 15:31 | Create | Unit 2550 |
| 16:11 | Create | Villager (Male) |
| 16:17 | Build | Farm |
| 16:19 | Build | Farm |
| 16:22 | Research | Horse Collar |
| 16:24 | Create | Skirmisher |
| 16:25 | Create | Unit 2550 |
| 16:37 | Build | Watch Tower |
| 16:40 | Create | Villager (Male) |
| 16:47 | Create | Villager (Male) |
| 17:05 | Build | Settlement |
| 17:21 | Build | Palisade Wall |
| 17:22 | Build | Palisade Wall |
| 17:23 | Build | Palisade Wall |
| 17:24 | Build | Palisade Wall |
| 17:59 | Create | Villager (Male) |
| 18:02 | Build | Farm |
| 18:03 | Build | Farm |
| 18:35 | Research | Arson |
| 18:35 | Research | Arson |
| 18:36 | Create | Villager (Male) |
| 18:36 | Create | Villager (Male) |
| 18:41 | Build | Market |
| 18:56 | Build | Watch Tower |
| 18:59 | Build | Palisade Wall |
| 19:03 | Build | Palisade Wall |
| 19:05 | Build | Palisade Wall |
| 19:06 | Build | Palisade Wall |
| 19:07 | Build | Palisade Wall |
| 19:58 | Create | Villager (Male) |
| 20:12 | Research | Castle Age |
| 20:12 | Research | Castle Age |
| 20:12 | Create | Villager (Male) |
| 20:43 | Create | Unit 2550 |
| 20:45 | Create | Villager (Male) |
| 20:55 | Create | Unit 2550 |
| 20:55 | Create | Unit 2550 |
| 20:57 | Create | Skirmisher |
| 21:15 | Build | Barracks |
| 21:25 | Create | Skirmisher |
| 21:26 | Create | Skirmisher |
| 21:35 | Create | Unit 2550 |
| 21:35 | Create | Unit 2550 |
| 21:58 | Create | Skirmisher |
| 22:01 | Create | Unit 2550 |
| 22:10 | Create | Villager (Male) |
| 22:14 | Research | Scale Mail Armor |
| 22:14 | Research | Scale Mail Armor |
| 22:18 | Create | Unit 2550 |
| 22:19 | Create | Unit 2550 |
| 22:19 | Create | Unit 2550 |
| 22:23 | Create | Villager (Male) |
| 22:30 | Build | Settlement |
| 22:52 | Age | Castle Age |
| 22:54 | Create | Petard |
| 22:59 | Research | Tech 1351 |
| 22:59 | Research | Tech 1351 |
| 23:06 | Create | Villager (Male) |
| 23:06 | Create | Villager (Male) |
| 23:22 | Create | Villager (Male) |
| 23:30 | Create | Unit 2550 |
| 23:30 | Create | Unit 2550 |
| 23:31 | Create | Unit 2550 |
| 24:40 | Build | Castle |
Build order — old f1sh
First 150 of 171 actions detected
| 0:01 | Create | Villager (Male) |
| 0:01 | Create | Villager (Male) |
| 0:02 | Build | House |
| 0:03 | Build | House |
| 0:23 | Create | Villager (Male) |
| 0:24 | Create | Villager (Male) |
| 1:30 | Create | Villager (Male) |
| 1:30 | Create | Villager (Male) |
| 2:01 | Create | Villager (Male) |
| 2:02 | Create | Villager (Male) |
| 2:02 | Create | Villager (Male) |
| 2:22 | Build | Lumber Camp |
| 2:52 | Create | Villager (Male) |
| 2:53 | Create | Villager (Male) |
| 2:53 | Create | Villager (Male) |
| 3:33 | Create | Villager (Male) |
| 3:33 | Create | Villager (Male) |
| 3:47 | Build | House |
| 4:12 | Create | Villager (Male) |
| 4:12 | Create | Villager (Male) |
| 4:12 | Create | Villager (Male) |
| 4:20 | Create | Villager (Male) |
| 4:40 | Build | Mill |
| 4:55 | Create | Villager (Male) |
| 4:55 | Create | Villager (Male) |
| 4:55 | Create | Villager (Male) |
| 4:55 | Create | Villager (Male) |
| 4:56 | Create | Villager (Male) |
| 5:42 | Research | Loom |
| 5:48 | Create | Villager (Male) |
| 5:48 | Create | Villager (Male) |
| 6:47 | Research | Feudal Age |
| 6:47 | Research | Feudal Age |
| 6:52 | Build | Barracks |
| 6:58 | Build | Barracks |
| 7:11 | Create | Villager (Male) |
| 7:35 | Build | House |
| 7:55 | Build | Mining Camp |
| 8:02 | Create | Militia |
| 8:02 | Create | Militia |
| 8:02 | Create | Militia |
| 8:07 | Build | Palisade Wall |
| 8:11 | Build | House |
| 8:46 | Create | Villager (Male) |
| 9:12 | Age | Feudal Age |
| 9:21 | Research | Man-at-Arms (upgrade) |
| 9:22 | Research | Double-Bit Axe |
| 9:34 | Create | Villager (Male) |
| 9:42 | Build | Archery Range |
| 9:44 | Create | Villager (Male) |
| 10:11 | Create | Militia |
| 10:12 | Create | Villager (Male) |
| 10:30 | Create | Villager (Male) |
| 10:34 | Create | Archer |
| 10:39 | Build | Farm |
| 10:40 | Build | Farm |
| 10:58 | Create | Villager (Male) |
| 11:01 | Build | Farm |
| 11:06 | Build | House |
| 11:27 | Create | Villager (Male) |
| 11:28 | Build | Farm |
| 11:31 | Build | Farm |
| 11:32 | Create | Villager (Male) |
| 11:41 | Create | Villager (Male) |
| 11:43 | Create | Archer |
| 11:52 | Build | House |
| 11:54 | Build | Palisade Wall |
| 12:09 | Build | Farm |
| 12:11 | Create | Villager (Male) |
| 12:17 | Create | Militia |
| 12:41 | Build | House |
| 12:45 | Build | Palisade Wall |
| 12:47 | Build | Palisade Wall |
| 12:51 | Create | Villager (Male) |
| 12:53 | Create | Militia |
| 12:56 | Build | Farm |
| 13:12 | Create | Militia |
| 13:44 | Create | Militia |
| 13:45 | Create | Villager (Male) |
| 13:45 | Create | Villager (Male) |
| 13:51 | Build | Blacksmith |
| 14:04 | Create | Villager (Male) |
| 14:22 | Build | House |
| 14:27 | Build | Farm |
| 14:28 | Create | Villager (Male) |
| 14:35 | Create | Militia |
| 14:45 | Create | Skirmisher |
| 14:53 | Build | Farm |
| 14:58 | Build | Farm |
| 14:59 | Build | Farm |
| 15:00 | Create | Villager (Male) |
| 15:00 | Create | Villager (Male) |
| 15:12 | Build | Farm |
| 15:13 | Create | Villager (Male) |
| 15:22 | Create | Villager (Male) |
| 15:26 | Research | Scale Mail Armor |
| 15:26 | Research | Scale Mail Armor |
| 15:34 | Create | Militia |
| 15:34 | Create | Militia |
| 15:40 | Build | Farm |
| 15:41 | Build | Farm |
| 15:46 | Build | Farm |
| 16:07 | Create | Militia |
| 16:08 | Create | Villager (Male) |
| 16:08 | Create | Villager (Male) |
| 16:21 | Build | Lumber Camp |
| 16:47 | Create | Militia |
| 16:47 | Create | Villager (Male) |
| 16:48 | Create | Villager (Male) |
| 16:50 | Create | Skirmisher |
| 16:50 | Create | Skirmisher |
| 16:58 | Build | Farm |
| 17:43 | Create | Villager (Male) |
| 17:57 | Build | Farm |
| 17:58 | Build | Farm |
| 18:00 | Build | Farm |
| 18:03 | Build | Farm |
| 18:03 | Build | Farm |
| 18:22 | Build | House |
| 18:25 | Build | Palisade Wall |
| 18:44 | Create | Villager (Male) |
| 18:47 | Research | Wheelbarrow |
| 18:52 | Build | Farm |
| 19:02 | Build | Watch Tower |
| 19:07 | Build | Mining Camp |
| 19:08 | Create | Villager (Male) |
| 19:37 | Create | Militia |
| 20:02 | Create | Militia |
| 20:03 | Create | Militia |
| 20:03 | Create | Villager (Male) |
| 20:04 | Create | Villager (Male) |
| 20:38 | Create | Villager (Male) |
| 21:11 | Build | Market |
| 21:25 | Build | Farm |
| 21:26 | Build | Farm |
| 21:43 | Create | Villager (Male) |
| 22:11 | Research | Castle Age |
| 22:20 | Build | Palisade Gate |
| 22:35 | Research | Gold Mining |
| 22:37 | Research | Horse Collar |
| 22:37 | Research | Horse Collar |
| 23:11 | Create | Villager (Male) |
| 23:12 | Build | Farm |
| 23:52 | Build | House |
| 23:53 | Build | House |
| 24:09 | Build | Palisade Wall |
| 24:10 | Build | Palisade Wall |
| 24:35 | Build | Lumber Camp |
| 24:51 | Age | Castle Age |
| 25:23 | Build | Castle |
Match timeline
| 6:39 | vitroti · first_building Barracks |
| 6:52 | old f1sh · first_building Barracks |
| 8:07 | old f1sh · wall_segment Palisade Wall x1 |
| 9:12 | old f1sh · age_up feudal |
| 9:27 | vitroti · age_up feudal |
| 9:33 | vitroti · first_building Archery Range |
| 9:42 | old f1sh · first_building Archery Range |
| 10:14 | vitroti · wall_segment Palisade Wall x1 |
| 10:15 | vitroti · wall_segment Palisade Wall x1 |
| 11:54 | old f1sh · wall_segment Palisade Wall x6 |
| 12:45 | old f1sh · wall_segment Palisade Wall x7 |
| 12:47 | old f1sh · wall_segment Palisade Wall x9 |
| 17:21 | vitroti · wall_segment Palisade Wall x1 |
| 17:22 | vitroti · wall_segment Palisade Wall x1 |
| 17:23 | vitroti · wall_segment Palisade Wall x1 |
| 17:24 | vitroti · wall_segment Palisade Wall x1 |
| 18:25 | old f1sh · wall_segment Palisade Wall x1 |
| 18:59 | vitroti · wall_segment Palisade Wall x1 |
| 19:03 | vitroti · wall_segment Palisade Wall x1 |
| 19:05 | vitroti · wall_segment Palisade Wall x1 |
| 19:06 | vitroti · wall_segment Palisade Wall x1 |
| 19:07 | vitroti · wall_segment Palisade Wall x1 |
| 20:04 | vitroti · first_market_sell 100 wood |
| 21:12 | vitroti · first_market_buy 100 wood |
| 22:10 | old f1sh · first_market_sell 100 food |
| 22:52 | vitroti · age_up castle |
| 24:09 | old f1sh · wall_segment Palisade Wall x9 |
| 24:10 | old f1sh · wall_segment Palisade Wall x3 |
| 24:40 | vitroti · first_building Castle |
| 24:51 | old f1sh · age_up castle |
| 25:23 | old f1sh · first_building Castle |
| 26:05 | old f1sh · first_market_buy 100 stone |
| 26:29 | vitroti · first_building Siege Workshop |
| 28:50 | old f1sh · resign |
[ AI ANALYSIS · 1 CREDIT ]
What really happened in this match?
Wolo.gg analyzes every decision: build order, eco, micro, common mistakes by bracket. Personalized analysis on WhatsApp or Discord in 30 seconds.
Civ guide
Incas
Perfil
vitroti